 Dungeon Crawl Stone Soup version 0.30-a0-250-g41c1d76940 (webtiles) character file.

Game seed: 17758897192393013704

915 brknglss the Cruncher (level 8, 0/58 HPs)
             Began as a Gnoll Wanderer on Oct 13, 2022.
             Slain by an ogre
             ... wielding a +0 giant club
              (29 damage)
             ... on level 5 of the Dungeon.
             The game lasted 00:11:46 (4348 turns).

brknglss the Cruncher (Gnoll Wanderer)              Turns: 4348, Time: 00:11:46

Health: 0/58       AC:  6    Str: 17    XL:     8   Next: 9%
Magic:  3/14       EV: 12    Int: 14    God:
Gold:   260        SH:  0    Dex: 12    Spells: 11/15 levels left

rFire   . . .      SeeInvis .    x - staff of poison
rCold   . . .      Faith    .    (no shield)
rNeg    . . .      Spirit   .    d - +0 robe
rPois   +          Reflect  .    v - +1 hat
rElec   .          Harm     .    A - +2 cloak
rCorr   .          Rampage  .    (no gloves)
Will    .....                    (no boots)
Stlth   ++........               (no amulet)
HPRegen 0.29/turn                y - +6 ring of strength
MPRegen 0.14/turn                (no ring)

@: no status effects
A: fangs 1, strong nose, distributed training
a: no special abilities


You were on level 5 of the Dungeon.
You visited 1 branch of the dungeon, and saw 5 of its levels.

You collected 260 gold pieces.

Inventory:

Hand Weapons
 a - a +3 quarterstaff
Missiles
 g - 8 poisoned darts
Armour
 d - a +0 robe (worn)
 h - an orb of mayhem
 v - a +1 hat (worn)
 A - a +2 cloak (worn)
Magical Staves
 j - a staff of air
 x - a staff of poison (weapon)
Jewellery
 y - a +6 ring of strength (left hand)
 B - an amulet of faith
Wands
 b - a wand of flame (4)
Scrolls
 c - 3 scrolls of blinking
 e - 5 scrolls of noise {unknown}
 k - 2 scrolls of immolation
 l - a scroll of amnesia {unknown}
 n - 3 scrolls of enchant weapon
 p - 3 scrolls of enchant armour {unknown}
 r - a scroll of poison {unknown}
 s - a scroll of magic mapping {unknown}
 t - a scroll of torment {unknown}
 w - a scroll of fear {unknown}
Potions
 f - 5 potions of curing
 i - a potion of brilliance {unknown}
 m - 2 potions of haste
 o - a potion of cancellation {unknown}
 q - 4 potions of heal wounds {unknown}
 u - a potion of invisibility {unknown}
 z - a potion of mutation {unknown}


   Skills:
 + Level 3.1 Fighting
 + Level 3.1 Short Blades
 + Level 3.1 Long Blades
 + Level 3.1 Axes
 + Level 3.1 Maces & Flails
 + Level 3.1 Polearms
 + Level 9.1 Staves
 + Level 3.1 Ranged Weapons
 + Level 4.0 Throwing
 + Level 4.0 Armour
 + Level 3.1 Dodging
 + Level 3.1 Stealth
 + Level 3.1 Shields
 + Level 3.1 Unarmed Combat
 + Level 4.2 Spellcasting
 + Level 2.5 Conjurations
 + Level 2.5 Hexes
 + Level 2.5 Summonings
 + Level 2.5 Necromancy
 + Level 2.5 Translocations
 + Level 2.5 Transmutations
 + Level 2.5 Fire Magic
 + Level 2.5 Ice Magic
 + Level 2.5 Air Magic
 + Level 2.5 Earth Magic
 + Level 4.6 Poison Magic
 + Level 3.4 Invocations
 + Level 4.0 Evocations


You had 11 spell levels left.
You knew the following spells:

 Your Spells              Type           Power      Damage    Failure   Level
a - Sting                 Tmut/Pois      76%        1d6       4%          1
b - Mephitic Cloud        Conj/Pois/Air  17%        N/A       16%         3

Your spell library contained the following spells:

 Spells                   Type           Power      Damage    Failure   Level
 Ensorcelled Hibernation  Hex/Ice        18%        N/A       11%         2
 Static Discharge         Conj/Air       18%        2-3/arc   11%         2
 Spider Form              Tmut/Pois      19%        N/A       13%         3
 Vhi's Electric Charge    Tloc/Air       18%        N/A       21%         3
 Anguish                  Hex/Necr       4%         N/A       56%         4
 Arcjolt                  Conj/Air       4%         1d14      88%         5
 Lightning Bolt           Conj/Air       4%         1d16      88%         5


Dungeon Overview and Level Annotations

Branches:
Dungeon (5/15)
 Temple: D:4-7

Altars:
Nemelex Xobeh
Yredelemnul


Innate Abilities, Weirdness & Mutations

You have very sharp teeth.
Your uncanny sense of smell can sniff out nearby items.
Your experience applies equally to all skills.


Message History

You don't have enough magic to cast this spell.
You hit the orc.
You envenom the orc.
You kill the orc!
Casting: Sting (safe; 4% risk of failure)
Confirm with . or Enter, or press ? or * to list all spells.
Aiming: Sting (safe; 4% risk of failure)
Press: ? - help, Shift-Dir - straight line, f/p - orc priest
Aim: an orc priest, wielding a +0 hand axe and wearing a +0 ring mail (moderately wounded, confused, very poisoned, 94% to hit)
You feel a surge of power!
The sting hits the orc priest but does no damage.
The orc priest looks as sick as possible!
The orc priest is moderately wounded.
There is an open door here.
Items here: $ ( ) ? [ ††.
You hit the orc priest.
You envenom the orc priest.
You kill the orc priest!
Things that are here:
a +0 hand axe; a +0 ring mail An ice beast comes into view.
Things that are here:
a +3 spear; a +0 leather armour
There is an open door here.
Items here: $ ( ) ? [ ††.
You see here an iguana skeleton.
An ogre comes into view. It is wielding a +0 giant club.
The ogre shouts!
There is an open door here.
There is an open door here.
You close the door.
An ogre opens the door.
You close the door.
An ogre opens the door.
You close the door.
An ogre opens the door.
You close the door.
An ogre opens the door.
You close the door.
An ogre opens the door.
You close the door.
An ogre opens the door.
As you open the door, it creaks loudly!
There is an open door here.
The ogre attacks as you move away!
The ogre hits you with a +0 giant club!!
Ouch! That really hurt!
You die...

#.............#..##..#....#
+.............#......#....#
#.............#......#....#
#.............#......#....#
#.............#......#....#
#.~~~~~.......'..Y.Y÷))...#
#.~###~.......##'#####)...###
#.~#_'..#......O............#
#. ###~.#......@............#
#.~~~~~.#<..................#
#....#..#...................#
#....#..#.....#...#...#...#.#
.....
#..####+..###.....###....
..... #... ...#∆#..#..#∆ ....
.... #.<. ....# +.....' ..
.... ######+#.#. .#####. ∆ ∆
∆ ... ∆∆∆ ..


You could see an ice beast and an ogre.

Vanquished Creatures
  Sigmund (D:2)
  A black bear (D:5)
  2 ogres (D:4)
  A scorpion (D:5)
  A jelly (D:5)
  2 hounds (D:5)
  2 orc priests (D:5)
  2 iguanas (D:5)
  Natasha (twice) (D:3)
  2 orc wizards (D:4)
  5 adders
  An ufetubus (D:5)
  2 worms (D:2)
  2 dart slugs (D:2)
  6 orcs
  3 endoplasms
  5 giant cockroaches
  7 hobgoblins
  5 quokkas
  5 ball pythons
  6 bats
  6 frilled lizards
  5 goblins
  7 kobolds
  2 rats
83 creatures vanquished.

Vanquished Creatures (others)
  5 plants (D:4)
5 creatures vanquished.

Grand Total: 88 creatures vanquished

Notes
Turn   | Place    | Note
-------+----------+-------------------------------------------
     0 | D:1      | brknglss the Gnoll Wanderer began the quest for the Orb.
     0 | D:1      | brknglss set off with the following items: a +2
                  | quarterstaff, a wand of flame (4), a scroll of blinking, a
                  | +0 robe; and the following spell memorised: Sting; and the
                  | following spells available to memorise: Mephitic Cloud.
     0 | D:1      | Reached XP level 1. HP: 13/13 MP: 4/4
    71 | D:1      | Found a faded altar of an unknown god.
   206 | D:1      | Reached XP level 2. HP: 19/19 MP: 5/5
   790 | D:2      | Reached XP level 3. HP: 25/25 MP: 4/7
   799 | D:2      | Noticed Sigmund
  1091 | D:2      | Reached skill level 1 in Invocations
  1462 | D:3      | Reached skill level 1 in Fighting
  1462 | D:3      | Reached skill level 1 in Short Blades
  1462 | D:3      | Reached skill level 1 in Long Blades
  1462 | D:3      | Reached skill level 1 in Axes
  1462 | D:3      | Reached skill level 1 in Maces & Flails
  1462 | D:3      | Reached skill level 1 in Polearms
  1462 | D:3      | Reached skill level 1 in Ranged Weapons
  1462 | D:3      | Reached skill level 1 in Dodging
  1462 | D:3      | Reached skill level 1 in Stealth
  1462 | D:3      | Reached skill level 1 in Shields
  1462 | D:3      | Reached skill level 1 in Unarmed Combat
  1588 | D:3      | Noticed Natasha
  1601 | D:3      | Killed Natasha
  1602 | D:3      | Reached XP level 4. HP: 17/32 MP: 1/8
  1766 | D:3      | Reached skill level 1 in Conjurations
  1766 | D:3      | Reached skill level 1 in Hexes
  1766 | D:3      | Reached skill level 1 in Summonings
  1766 | D:3      | Reached skill level 1 in Necromancy
  1766 | D:3      | Reached skill level 1 in Translocations
  1766 | D:3      | Reached skill level 1 in Transmutations
  1766 | D:3      | Reached skill level 1 in Fire Magic
  1766 | D:3      | Reached skill level 1 in Ice Magic
  1766 | D:3      | Reached skill level 1 in Air Magic
  1766 | D:3      | Reached skill level 1 in Earth Magic
  2276 | D:3      | Noticed Natasha
  2281 | D:3      | Killed Natasha
  2589 | D:2      | Reached XP level 5. HP: 34/37 MP: 9/9
  2598 | D:2      | Learned a level 3 spell: Mephitic Cloud
  2625 | D:2      | Killed Sigmund
  2626 | D:2      | Reached XP level 6. HP: 24/44 MP: 1/11
  3185 | D:4      | Reached XP level 7. HP: 32/51 MP: 6/12
  3404 | D:4      | Found a basalt altar of Yredelemnul.
  3836 | D:5      | Entered Level 5 of the Dungeon
  3851 | D:5      | Found a sparkling altar of Nemelex Xobeh.
  3874 | D:5      | Reached skill level 9 in Staves
  4255 | D:5      | Reached XP level 8. HP: 19/58 MP: 3/14
  4348 | D:5      | Slain by an ogre

Illustrated notes

Levels and vault maps discovered:
D:1:      scummos_arrival_hexagon, layout_basic,
          hellmonk_ecumenical_altar_slurped_away
D:2:      layout_basic, uniq_sigmund
D:3:      layout_loops_ring, uniq_natasha
D:4:      layout_basic, mainiacjoe_overflow_brackets, grunt_ministairs_10,
          guppyfry_early_lair_pool
D:5:      layout_gridville, kennysheep_mini_moat, ebering_ghost_reflecting_pool,
          minmay_fractal_squares_diagonal_5

Skill      XL: |  1  2  3  4  5  6  7 |
---------------+----------------------+-----
Invocations    | 1 2 3 |  3.4
Fighting       | 1 2 3 |  3.1
Short Blades   | 1 2 3 |  3.1
Long Blades    | 1 2 3 |  3.1
Axes           | 1 2 3 |  3.1
Maces & Flails | 1 2 3 |  3.1
Polearms       | 1 2 3 |  3.1
Ranged Weapons | 1 2 3 |  3.1
Dodging        | 1 2 3 |  3.1
Stealth        | 1 2 3 |  3.1
Shields        | 1 2 3 |  3.1
Unarmed Combat | 1 2 3 |  3.1
Spellcasting   | 3 4 |  4.2
Conjurations   | 1 2 |  2.5
Hexes          | 1 2 |  2.5
Summonings     | 1 2 |  2.5
Necromancy     | 1 2 |  2.5
Translocations | 1 2 |  2.5
Transmutations | 1 2 |  2.5
Fire Magic     | 1 2 |  2.5
Ice Magic      | 1 2 |  2.5
Air Magic      | 1 2 |  2.5
Earth Magic    | 1 2 |  2.5
Throwing       | 3 4 |  4.0
Armour         | 3 4 |  4.0
Poison Magic   | 4 |  4.6
Evocations     | 3 4 |  4.0
Staves         | 9 |  9.1

Action                   |  1- 3 |  4- 6 |  7- 9 || total
-------------------------+-------+-------+-------++-------
Melee: Quarterstaff      |    42 |     1 |       ||    43
       Bite              |     3 |     3 |     3 ||     9
       Staff             |       |    57 |    34 ||    91
 Cast: Sting             |    54 |    27 |    42 ||   123
       Mephitic Cloud    |       |       |     5 ||     5
  Use: Scroll            |     4 |       |       ||     4
 Stab: Sleeping          |     3 |       |       ||     3
       Confused          |       |       |     1 ||     1
Armor: Robe              |    18 |    16 |    17 ||    51
Dodge: Dodged            |    45 |    42 |    53 ||   140

Table legend: (Time is in decaauts)
 A = Elapsed time spent in this place.
 B = Non-inter-level travel time spent in this place.
 C = Inter-level travel time spent in this place.
 D = Time resting spent in this place.
 E = Time spent auto-exploring this place.
 F = Levels seen in this place.
 G = Mean time per level.
                   A        B        C        D        E       F      G
               +--------+--------+--------+--------+--------+-----+--------+
         Total |   4324 |   4120 |    204 |   1274 |   1646 |   5 |  864.8 |
       Dungeon |   4324 |   4120 |    204 |   1274 |   1646 |   5 |  864.8 |
               +--------+--------+--------+--------+--------+-----+--------+

Top non-repeatable levels by time:
     D:3: 1343 daAuts
     D:4: 998 daAuts
     D:1: 855 daAuts
     D:2: 619 daAuts
     D:5: 507 daAuts
